 Dungeon Crawl Stone Soup version 0.29.0-4-gdea44cf6ec (webtiles) character file.

Game seed: 14388402322592528156

9778 qw the Cleaver (level 11, -6/64 HPs)
             Began as a Tengu Warper on Aug 28, 2022.
             Was a Priest of Okawaru.
             Mangled by a seven-headed hydra (9 damage)
             ... on level 1 of the Lair of Beasts.
             The game lasted 00:01:28 (12699 turns).

qw the Cleaver (Tengu Warper)                      Turns: 12699, Time: 00:01:29

Health: -6/64      AC: 23    Str: 15    XL:     11   Next: 51%
Magic:  14/15      EV: 10    Int: 14    God:    Okawaru [***...]
Gold:   563        SH:  6    Dex: 14    Spells: 14/14 levels left

rFire   + . .      SeeInvis +   j - +0 morningstar
rCold   . . .      Faith    .   a - +0 buckler
rNeg    . . .      Spirit   .   x - +1 plate armour of Seuloug {rF+}
rPois   .          Reflect  .   (helmet restricted)
rElec   .          Harm     .   (no cloak)
rCorr   .          Rampage  .   r - +1 pair of gloves
Will    .....                   (boots unavailable)
Stlth   ..........              (no amulet)
HPRegen 0.20/turn               c - ring of see invisible
MPRegen 0.14/turn               p - +4 ring of protection

@: about to teleport, heroic, flying quickly and evasively, quick
A: beak, talons 3, nimble flight
a: Renounce Religion, Heroism


You were on level 1 of the Lair of Beasts.
You worshipped Okawaru.
Okawaru was most pleased with you.
You visited 3 branches of the dungeon, and saw 12 of its levels.

You collected 563 gold pieces.


Innate Abilities, Weirdness & Mutations

You have a beak for a mouth.
You have claws for feet.
Your magical nature lets you fly swiftly and evasively.


   Skills:
 - Level 6.2(11.2) Fighting
 + Level 13.8(18.8) Axes
 - Level 3.0(8.0) Throwing
 - Level 7.1(12.1) Armour
 - Level 6.5(11.5) Dodging
 - Level 4.0(9.0) Shields
 - Level 2.0 Spellcasting
 - Level 2.4 Translocations
 - Level 4.0 Invocations


You had 14 spell levels left.
You didn't know any spells.
Your spell library contained the following spells:

 Spells                   Type           Power      Damage    Failure   Level
 Blink                    Tloc           16%        N/A       99%         2
 Gell's Gravitas          Tloc           8%         N/A       100%        3
 Lesser Beckoning         Tloc           8%         N/A       100%        3
 Teleport Other           Tloc           8%         N/A       100%        3
 Manifold Assault         Tloc           8%         N/A       100%        5

Inventory:

Hand Weapons
 j - a +0 morningstar (weapon)
 s - the +8 broad axe "Xeged" {vorpal, rElec MP+9}
   (You acquired it on level 8 of the Dungeon)

   It inflicts extra damage upon your enemies.
   rElec:     It insulates you from electricity.
   MP:        It affects your magic capacity (+9).
Missiles
 q - 2 boomerangs (quivered)
Armour
 a - a +0 buckler (worn)
 r - a +1 pair of gloves (worn)
 x - the +1 plate armour of Seuloug (worn) {rF+}
   (You found it on level 10 of the Dungeon)

   rF:        It protects you from fire.
Jewellery
 c - a ring of see invisible (left hand)
 e - a ring of ice
 p - a +4 ring of protection (right hand)
 u - a ring of willpower
Scrolls
 t - a scroll of identify
Potions
 d - 2 potions of magic
 h - 4 potions of haste
 i - a potion of invisibility {unknown}
 k - 2 potions of curing
 l - a potion of mutation {unknown}
 m - a potion of ambrosia {unknown}
 n - a potion of flight {unknown}
 o - a potion of berserk rage {unknown}
 w - a potion of might {unknown}

Dungeon Overview and Level Annotations

Branches:
Dungeon (10/15)            Temple (1/1) D:4            Lair (1/5) D:10
    Orc: D:9-12

Altars:
Ashenzari
Cheibriados
Dithmenos
Elyvilon
Fedhas
Gozag
Hepliaklqana
Kikubaaqudgha
Makhleb
Nemelex Xobeh
Okawaru
Qazlal
Ru
Sif Muna
Trog
Uskayaw
Vehumet
Wu Jian
Xom
Yredelemnul
Zin
The Shining One

Shops:
D:5 (:   D:6 :   D:7 :

Annotations:
D:8 2 transporters


Message History

The seven-headed hydra bites you but does no damage. x3
The seven-headed hydra bites you!
The seven-headed hydra bites you but does no damage.
The seven-headed hydra closely misses you.
You barely miss the seven-headed hydra.
The seven-headed hydra is lightly wounded.
The wolf bites you but does no damage. The wolf closely misses you.
You barely miss the seven-headed hydra.
Your kick misses the seven-headed hydra.
You peck the seven-headed hydra.
The seven-headed hydra is lightly wounded.
The seven-headed hydra bites you but does no damage. x2
You block the seven-headed hydra's attack.
The seven-headed hydra barely misses you. x2
The seven-headed hydra closely misses you.
The seven-headed hydra bites you but does no damage.
The wolf bites you but does no damage.
You barely miss the seven-headed hydra. You claw the seven-headed hydra!
The seven-headed hydra is moderately wounded.
The wolf bites you but does no damage. The seven-headed hydra bites you.
The seven-headed hydra bites you but does no damage.
The seven-headed hydra bites you.
The seven-headed hydra barely misses you. x2
The seven-headed hydra bites you!
The seven-headed hydra bites you but does no damage.
12698 ||| READING scroll of teleportation.
As you read the scroll of teleportation, it crumbles to dust.
You feel strangely unstable.
The wolf barely misses you. x2; The seven-headed hydra bites you!
You block the seven-headed hydra's attack. x2
The seven-headed hydra bites you but does no damage. x3
The seven-headed hydra barely misses you.
You hit the seven-headed hydra.
Your peck misses the seven-headed hydra.
The seven-headed hydra is moderately wounded.
The wolf bites you but does no damage.
The seven-headed hydra completely misses you.
You block the seven-headed hydra's attack.
The seven-headed hydra bites you!
You die...

### ##
####P#####.## #
#............ #P#
#............
....#
#............
#...+............
#.<...........
#.[%.hD)......
#####@#+#.##.#
###


You could see a seven-headed hydra and a wolf.

Vanquished Creatures
  2 two-headed ogres
  Pikel (D:5)
  Joseph (D:10)
  Maggie (D:8)
  A cane toad (Lair:1)
  A komodo dragon (D:10)
  A hornet (D:10)
  A shadow (D:9)
  A wyvern (D:10)
  10 yaks
  Grum (Lair:1)
  4 steam dragons
  Eustachio (D:5)
  4 vampire mosquitoes (D:10)
  Edmund (D:5)
  Duvessa (D:5)
  An ice beast (D:5)
  A sky beast (D:7)
  2 orc warriors
  2 black bears
  An ogre (D:5)
  3 phantoms
  Blork the orc (D:5)
  3 kobold brigands
  3 bullfrogs
  A gnoll sergeant (D:6)
  3 scorpions
  3 necrophages
  8 wights
  Dowan (D:5)
  5 killer bees (D:10)
  4 howler monkeys
  4 jellies
  A hound (D:6)
  3 orc priests
  2 gnoll boudas (D:7)
  Jessica (D:2)
  2 iguanas (D:5)
  6 orc wizards
  Ijyb (D:5)
  20 gnolls
  11 adders
  2 white imps
  An ufetubus (D:4)
  4 dart slugs (D:1)
  27 orcs
  7 ball pythons
  6 bats
  7 endoplasms
  8 giant cockroaches
  9 hobgoblins
  11 jackals
  11 quokkas
  8 frilled lizards
  8 goblins
  34 kobolds
  9 rats
277 creatures vanquished.

Vanquished Creatures (others)
  7 plants
7 creatures vanquished.

Grand Total: 284 creatures vanquished

Notes
Turn   | Place    | Note
-------+----------+-------------------------------------------
     0 | D:1      | qw the Tengu Warper began the quest for the Orb.
     0 | D:1      | Reached XP level 1. HP: 12/12 MP: 4/4
     0 | D:1      | 0 ||| qw: Version: 0.1-a-89-g26bdef1
     0 | D:1      | 0 ||| qw: Game counter: 2368
     0 | D:1      | 0 ||| qw: Always use a shield: true
     0 | D:1      | 0 ||| qw: God list: Okawaru
     0 | D:1      | 0 ||| qw: Allow faded altars: false
     0 | D:1      | 0 ||| qw: Do Orc after D:15 true
     0 | D:1      | 0 ||| qw: Do second Lair branch before Depths: true
     0 | D:1      | 0 ||| qw: Lair rune preference: random
     0 | D:1      | 0 ||| qw: Plans: Normal
     0 | D:1      | 0 ||| PLANNING D:1-11
    25 | D:1      | 25 ||| Stepping ~*~*~tactically~*~*~ (stealth).
    27 | D:1      | 27 ||| Stepping ~*~*~tactically~*~*~ (stealth).
    29 | D:1      | 29 ||| Stepping ~*~*~tactically~*~*~ (stealth).
    31 | D:1      | 31 ||| Stepping ~*~*~tactically~*~*~ (hiding).
   146 | D:1      | Reached XP level 2. HP: 15/17 MP: 6/6
   176 | D:1      | 176 ||| Stepping ~*~*~tactically~*~*~ (hiding).
   177 | D:1      | 177 ||| Stepping ~*~*~tactically~*~*~ (hiding).
   184 | D:1      | Reached skill level 3 in Axes
   288 | D:1      | 288 ||| DROPPING +0 club.
   486 | D:1      | Found a faded altar of an unknown god.
   542 | D:1      | 542 ||| Stepping ~*~*~tactically~*~*~ (stealth).
   555 | D:1      | Reached XP level 3. HP: 18/21 MP: 7/7
   616 | D:1      | 616 ||| Stepping ~*~*~tactically~*~*~ (stealth).
   618 | D:1      | 618 ||| Stepping ~*~*~tactically~*~*~ (stealth).
   622 | D:1      | 622 ||| Stepping ~*~*~tactically~*~*~ (stealth).
   788 | D:1      | Reached skill level 4 in Axes
  1157 | D:1      | 1157 ||| Stepping ~*~*~tactically~*~*~ (hiding).
  1395 | D:1      | 1395 ||| READING scroll labelled SIEKOW VE QIPHU.
  1496 | D:1      | 1496 ||| READING scroll labelled HOT QAES VUGH.
  1497 | D:1      | 1497 ||| READING scroll labelled KURROQ DAOLAU.
  1500 | D:1      | 1500 ||| DROPPING scroll of blinking.
  1547 | D:2      | 1547 ||| Stepping ~*~*~tactically~*~*~ (stealth).
  1548 | D:2      | 1548 ||| Stepping ~*~*~tactically~*~*~ (stealth).
  1552 | D:2      | 1552 ||| Stepping ~*~*~tactically~*~*~ (stealth).
  1591 | D:2      | 1591 ||| READING scroll of enchant weapon.
  1591 | D:2      | 1591 ||| ENCHANTING +1 hand axe.
  1602 | D:2      | Reached XP level 4. HP: 26/26 MP: 8/8
  1626 | D:2      | Reached skill level 5 in Axes
  1658 | D:2      | Noticed Jessica
  1660 | D:2      | 1660 ||| Stepping ~*~*~tactically~*~*~ (hiding).
  1667 | D:2      | 1667 ||| Stepping ~*~*~tactically~*~*~ (hiding).
  1674 | D:2      | 1674 ||| Stepping ~*~*~tactically~*~*~ (hiding).
  1675 | D:2      | 1675 ||| Stepping ~*~*~tactically~*~*~ (hiding).
  1677 | D:2      | 1677 ||| Stepping ~*~*~tactically~*~*~ (hiding).
  1682 | D:2      | Killed Jessica
  1683 | D:2      | Gained mutation: Your magical nature lets you fly swiftly
                  | and evasively. [Tengu growth]
  1683 | D:2      | Reached XP level 5. HP: 21/30 MP: 9/9
  1693 | D:2      | 1693 ||| FLEEEEING.
  1694 | D:2      | 1694 ||| FLEEEEING.
  1695 | D:2      | 1695 ||| FLEEEEING.
  1696 | D:2      | 1696 ||| FLEEEEING.
  1697 | D:2      | 1697 ||| FLEEEEING.
  1698 | D:2      | 1698 ||| FLEEEEING.
  1699 | D:2      | 1699 ||| STAIRDANCE
  1767 | D:2      | 1767 ||| STAIRDANCE
  1807 | D:2      | Found a glowing silver altar of Zin.
  1899 | D:2      | Reached skill level 6 in Axes
  1948 | D:2      | 1948 ||| Stepping ~*~*~tactically~*~*~ (stealth).
  1951 | D:2      | 1951 ||| Stepping ~*~*~tactically~*~*~ (stealth).
  2192 | D:2      | 2192 ||| Stepping ~*~*~tactically~*~*~ (stealth).
  2284 | D:2      | 2284 ||| UPGRADING to +0 ring mail.
  2294 | D:2      | 2294 ||| DROPPING +0 leather armour.
  2295 | D:2      | 2295 ||| UPGRADING to +0 chain mail.
  2305 | D:2      | 2305 ||| DROPPING +0 ring mail.
  2306 | D:2      | 2306 ||| READING scroll labelled YCREETWAHI.
  2307 | D:2      | 2307 ||| DRINKING 3 black potions.
  2534 | D:3      | Identified the +1 ring mail of Understanding {rN+ Regen+
                  | Dex+4 Slay+3}
  2668 | D:3      | 2668 ||| Stepping ~*~*~tactically~*~*~ (stealth).
  2671 | D:3      | Reached XP level 6. HP: 35/35 MP: 10/10
  2914 | D:3      | Found a basalt altar of Yredelemnul.
  2931 | D:3      | 2931 ||| READING scroll of enchant weapon.
  2931 | D:3      | 2931 ||| ENCHANTING +2 hand axe.
  3051 | D:3      | 3051 ||| Stepping ~*~*~tactically~*~*~ (stealth).
  3054 | D:3      | 3054 ||| Stepping ~*~*~tactically~*~*~ (stealth).
  3220 | D:3      | 3220 ||| DROPPING +0 whip.
  3312 | D:3      | 3312 ||| UPGRADING to +0 buckler.
  3317 | D:3      | 3317 ||| UPGRADING to +1 ring mail of Understanding {rN+
                  | Regen+ Dex+4 Slay+3}.
  3327 | D:3      | 3327 ||| DROPPING +0 chain mail.
  3328 | D:3      | 3328 ||| UPGRADING to ring of see invisible.
  3329 | D:3      | 3329 ||| READING scroll labelled CEOT ILAODDO.
  3330 | D:3      | 3330 ||| READING scroll labelled HAGURE VELA.
  3331 | D:3      | 3331 ||| READING scroll labelled LUOLOELUEBO.
  3443 | D:4      | 3443 ||| Stepping ~*~*~tactically~*~*~ (stealth).
  3448 | D:4      | Reached skill level 1 in Shields
  3459 | D:4      | 3459 ||| FLEEEEING.
  3460 | D:4      | 3460 ||| FLEEEEING.
  3461 | D:4      | 3461 ||| FLEEEEING.
  3462 | D:4      | 3462 ||| FLEEEEING.
  3463 | D:4      | 3463 ||| FLEEEEING.
  3468 | D:4      | 3468 ||| Stepping ~*~*~tactically~*~*~ (stealth).
  3473 | D:4      | Reached skill level 7 in Axes
  3476 | D:4      | Reached XP level 7. HP: 33/40 MP: 11/11
  3491 | D:4      | 3491 ||| Stepping ~*~*~tactically~*~*~ (hiding).
  3497 | D:4      | HP: 8/38 [wight/+0 vampiric trident (13)]
  3500 | D:4      | Reached skill level 3 in Fighting
  3554 | D:4      | 3554 ||| Stepping ~*~*~tactically~*~*~ (stealth).
  3561 | D:4      | 3561 ||| DROPPING +0 flail.
  3569 | D:4      | 3569 ||| Stepping ~*~*~tactically~*~*~ (stealth).
  3594 | D:4      | You are sucked into a shaft and drop 3 floors!
  3613 | D:7      | Reached skill level 3 in Dodging
  3624 | D:7      | 3624 ||| FLEEEEING.
  3625 | D:7      | 3625 ||| FLEEEEING.
  3626 | D:7      | 3626 ||| STAIRDANCE
  3628 | D:6      | 3628 ||| FLEEEEING.
  3657 | D:6      | Reached skill level 8 in Axes
  3657 | D:6      | Reached XP level 8. HP: 44/46 MP: 12/12
  3704 | D:5      | Entered Level 5 of the Dungeon
  3705 | D:5      | 3705 ||| PLANNING SEWER
  3707 | D:5      | 3707 ||| Stepping ~*~*~tactically~*~*~ (hiding).
  3708 | D:5      | 3708 ||| Stepping ~*~*~tactically~*~*~ (hiding).
  3856 | D:5      | Found Soreus's Weapon Emporium.
  3860 | D:5      | 3860 ||| SHOPLISTING +11 morningstar "Raheh" {venom, Drain
                  | rPois rF+} (941 gold, have 226).
  3865 | D:5      | Noticed Blork the orc
  3873 | D:5      | Killed Blork the orc
  3874 | D:5      | Reached skill level 9 in Axes
  3999 | D:5      | Noticed Pikel
  4000 | D:5      | 4000 ||| Stepping ~*~*~tactically~*~*~ (stealth).
  4011 | D:5      | Killed Pikel
  4012 | D:5      | Reached skill level 6 in Dodging
  4012 | D:5      | Reached XP level 9. HP: 46/52 MP: 13/13
  4060 | D:5      | Noticed Edmund
  4069 | D:5      | Killed Edmund
  4094 | D:5      | 4094 ||| READING scroll labelled UGHIGA PERCHUPA.
  4095 | D:5      | 4095 ||| DRINKING 2 pink potions.
  4096 | D:5      | 4096 ||| Stepping randomly (stuck).
  4097 | D:5      | 4097 ||| Stepping randomly (stuck).
  4098 | D:5      | 4098 ||| Stepping randomly (stuck).
  4099 | D:5      | 4099 ||| Stepping randomly (stuck).
  4100 | D:5      | Found a hazy altar of Hepliaklqana.
  4143 | D:5      | Noticed Ijyb
  4144 | D:5      | 4144 ||| Stepping ~*~*~tactically~*~*~ (hiding).
  4151 | D:5      | Killed Ijyb
  4283 | D:5      | Found Weekuqoy's Book Emporium.
  4333 | D:5      | Noticed Eustachio
  4362 | D:5      | Killed Eustachio
  4363 | D:5      | Reached skill level 10 in Axes
  4523 | D:5      | 4523 ||| RIP SEWER
  4552 | D:5      | 4552 ||| PLANNING D:1-11
  4552 | D:5      | 4552 ||| UPGRADING to ring of willpower.
  4587 | D:4      | 4587 ||| Stepping ~*~*~tactically~*~*~ (hiding).
  4595 | D:4      | Reached skill level 3 in Shields
  4810 | D:4      | 4810 ||| Stepping ~*~*~tactically~*~*~ (stealth).
  4812 | D:4      | 4812 ||| Stepping ~*~*~tactically~*~*~ (stealth).
  4813 | D:4      | 4813 ||| Stepping ~*~*~tactically~*~*~ (stealth).
  4814 | D:4      | 4814 ||| Stepping ~*~*~tactically~*~*~ (stealth).
  4816 | D:4      | 4816 ||| Stepping ~*~*~tactically~*~*~ (stealth).
  4818 | D:4      | 4818 ||| Stepping ~*~*~tactically~*~*~ (stealth).
  4819 | D:4      | 4819 ||| Stepping ~*~*~tactically~*~*~ (stealth).
  4842 | D:4      | Found a staircase to the Ecumenical Temple.
  4843 | D:4      | 4843 ||| PLANNING TEMPLE
  4851 | Temple   | Entered the Ecumenical Temple
  4851 | Temple   | Found a transporter.
  4851 | Temple   | Found a transporter.
  4853 | Temple   | Found a transporter.
  4853 | Temple   | Found a transporter.
  4863 | Temple   | 4863 ||| PLANNING D:1-11
  4868 | Temple   | Became a worshipper of Warmaster Okawaru
  4993 | D:4      | 4993 ||| Stepping ~*~*~tactically~*~*~ (stealth).
  4994 | D:4      | 4994 ||| Stepping ~*~*~tactically~*~*~ (stealth).
  4995 | D:4      | 4995 ||| Stepping ~*~*~tactically~*~*~ (stealth).
  5191 | D:4      | 5191 ||| Stepping ~*~*~tactically~*~*~ (stealth).
  5229 | D:4      | 5229 ||| Stepping ~*~*~tactically~*~*~ (stealth).
  5231 | D:4      | 5231 ||| Stepping ~*~*~tactically~*~*~ (hiding).
  5246 | D:4      | Reached skill level 3 in Throwing
  5910 | D:4      | 5910 ||| READING scroll labelled DICAAS FUCWANT.
  6015 | D:5      | Noticed Duvessa
  6015 | D:5      | Noticed Dowan
  6021 | D:5      | Killed Duvessa
  6021 | D:5      | Reached * piety under Okawaru
  6022 | D:5      | 6022 ||| INVOKING Heroism.
  6026 | D:5      | Killed Dowan
  6313 | D:5      | 6313 ||| Stepping ~*~*~tactically~*~*~ (stealth).
  6383 | D:5      | Found a glowing silver altar of Zin.
  6399 | D:5      | Found a snail-covered altar of Cheibriados.
  6432 | D:5      | 6432 ||| UPGRADING to +0 pair of gloves.
  6437 | D:5      | 6437 ||| READING scroll of enchant armour.
  6437 | D:5      | 6437 ||| ENCHANTING +0 pair of gloves.
  6438 | D:5      | 6438 ||| READING scroll labelled POWUVV PAFUFI.
  6439 | D:5      | 6439 ||| DRINKING 2 brown potions.
  6440 | D:5      | 6440 ||| DROPPING potion of attraction.
  6486 | D:6      | 6486 ||| Stepping ~*~*~tactically~*~*~ (hiding).
  6487 | D:6      | 6487 ||| Stepping ~*~*~tactically~*~*~ (hiding).
  6488 | D:6      | 6488 ||| Stepping ~*~*~tactically~*~*~ (hiding).
  6489 | D:6      | 6489 ||| Stepping ~*~*~tactically~*~*~ (hiding).
  6492 | D:6      | 6492 ||| INVOKING Heroism.
  6495 | D:6      | Reached skill level 1 in Invocations
  6631 | D:6      | Found Nimaixir's Vocational Training.
  6659 | D:6      | Found a blossoming altar of Fedhas.
  6674 | D:6      | 6674 ||| Stepping ~*~*~tactically~*~*~ (stealth).
  6675 | D:6      | 6675 ||| INVOKING Heroism.
  6680 | D:6      | 6680 ||| Stepping ~*~*~tactically~*~*~ (stealth).
  6682 | D:6      | 6682 ||| Stepping ~*~*~tactically~*~*~ (stealth).
  6803 | D:6      | 6803 ||| Stepping ~*~*~tactically~*~*~ (stealth).
  6882 | D:6      | 6882 ||| UPGRADING to +0 plate armour.
  6892 | D:6      | 6892 ||| DROPPING +1 ring mail of Understanding {rN+ Regen+
                  | Dex+4 Slay+3}.
  6893 | D:6      | 6893 ||| UPGRADING to +4 ring of protection.
  6895 | D:6      | 6895 ||| READING scroll labelled SOIPAOROTY.
  6940 | D:7      | 6940 ||| Stepping ~*~*~tactically~*~*~ (hiding).
  6944 | D:7      | 6944 ||| INVOKING Heroism.
  6991 | D:7      | Reached skill level 3 in Armour
  6991 | D:7      | Reached XP level 10. HP: 59/59 MP: 14/14
  7049 | D:7      | Reached skill level 3 in Invocations
  7169 | D:7      | 7169 ||| SWAPPING to +0 war axe.
  7170 | D:7      | 7170 ||| DROPPING +3 hand axe of draining.
  7207 | D:7      | 7207 ||| INVOKING Heroism.
  7381 | D:7      | 7381 ||| Stepping ~*~*~tactically~*~*~ (stealth).
  7384 | D:7      | 7384 ||| FLEEEEING.
  7385 | D:7      | 7385 ||| FLEEEEING.
  7386 | D:7      | 7386 ||| FLEEEEING.
  7387 | D:7      | 7387 ||| FLEEEEING.
  7388 | D:7      | 7388 ||| FLEEEEING.
  7389 | D:7      | 7389 ||| FLEEEEING.
  7390 | D:7      | 7390 ||| FLEEEEING.
  7392 | D:7      | 7392 ||| FLEEEEING.
  7393 | D:7      | 7393 ||| FLEEEEING.
  7394 | D:7      | 7394 ||| FLEEEEING.
  7395 | D:7      | 7395 ||| FLEEEEING.
  7396 | D:7      | 7396 ||| FLEEEEING.
  7397 | D:7      | 7397 ||| FLEEEEING.
  7400 | D:7      | 7400 ||| FLEEEEING.
  7401 | D:7      | 7401 ||| FLEEEEING.
  7402 | D:7      | 7402 ||| FLEEEEING.
  7403 | D:7      | 7403 ||| FLEEEEING.
  7404 | D:7      | 7404 ||| STAIRDANCE
  7500 | D:6      | 7500 ||| READING scroll labelled LEGICWO JUANA.
  7648 | D:6      | 7648 ||| DRINKING 2 sapphire potions.
  7651 | D:7      | 7651 ||| STAIRDANCE
  7710 | D:7      | 7710 ||| STAIRDANCE
  7717 | D:7      | 7717 ||| STAIRDANCE
  7757 | D:7      | 7757 ||| INVOKING Heroism.
  7932 | D:7      | 7932 ||| Stepping ~*~*~tactically~*~*~ (stealth).
  8143 | D:7      | Found Qisil's Book Emporium.
  8301 | D:8      | 8301 ||| Stepping ~*~*~tactically~*~*~ (stealth).
  8305 | D:8      | 8305 ||| Stepping ~*~*~tactically~*~*~ (hiding).
  8358 | D:8      | 8358 ||| Stepping ~*~*~tactically~*~*~ (hiding).
  8364 | D:8      | 8364 ||| INVOKING Heroism.
  8540 | D:8      | Found a transporter.
  8544 | D:8      | Noticed a kobold demonologist
  8719 | D:8      | Found a transporter.
  8781 | D:8      | 8781 ||| FLEEEEING.
  8782 | D:8      | 8782 ||| FLEEEEING.
  8783 | D:8      | 8783 ||| FLEEEEING.
  8784 | D:8      | 8784 ||| FLEEEEING.
  8785 | D:8      | 8785 ||| FLEEEEING.
  8786 | D:8      | 8786 ||| FLEEEEING.
  8787 | D:8      | 8787 ||| FLEEEEING.
  8788 | D:8      | 8788 ||| FLEEEEING.
  8789 | D:8      | 8789 ||| FLEEEEING.
  8790 | D:8      | 8790 ||| FLEEEEING.
  8791 | D:8      | 8791 ||| FLEEEEING.
  8792 | D:8      | 8792 ||| FLEEEEING.
  8793 | D:8      | 8793 ||| FLEEEEING.
  8794 | D:8      | 8794 ||| FLEEEEING.
  8800 | D:8      | 8800 ||| FLEEEEING.
  8801 | D:8      | 8801 ||| FLEEEEING.
  8802 | D:8      | 8802 ||| FLEEEEING.
  8803 | D:8      | 8803 ||| FLEEEEING.
  8819 | D:8      | 8819 ||| FLEEEEING.
  8820 | D:8      | 8820 ||| FLEEEEING.
  8822 | D:8      | 8822 ||| FLEEEEING.
  8823 | D:8      | 8823 ||| FLEEEEING.
  8824 | D:8      | 8824 ||| FLEEEEING.
  8825 | D:8      | 8825 ||| FLEEEEING.
  8826 | D:8      | 8826 ||| FLEEEEING.
  8831 | D:8      | 8831 ||| FLEEEEING.
  8832 | D:8      | 8832 ||| FLEEEEING.
  8833 | D:8      | 8833 ||| FLEEEEING.
  8834 | D:8      | 8834 ||| FLEEEEING.
  8835 | D:8      | 8835 ||| FLEEEEING.
  8836 | D:8      | 8836 ||| FLEEEEING.
  8837 | D:8      | 8837 ||| FLEEEEING.
  8838 | D:8      | 8838 ||| FLEEEEING.
  8839 | D:8      | 8839 ||| FLEEEEING.
  8853 | D:8      | 8853 ||| FLEEEEING.
  8859 | D:8      | 8859 ||| FLEEEEING.
  8860 | D:8      | 8860 ||| FLEEEEING.
  8861 | D:8      | 8861 ||| FLEEEEING.
  8862 | D:8      | 8862 ||| FLEEEEING.
  8867 | D:8      | 8867 ||| FLEEEEING.
  8868 | D:8      | 8868 ||| STAIRDANCE
  9007 | D:7      | 9007 ||| DROPPING ring of wizardry.
  9014 | D:8      | 9014 ||| STAIRDANCE
  9148 | D:8      | 9148 ||| Stepping ~*~*~tactically~*~*~ (hiding).
  9172 | D:8      | 9172 ||| INVOKING Heroism.
  9179 | D:8      | 9179 ||| Stepping ~*~*~tactically~*~*~ (stealth).
  9189 | D:8      | 9189 ||| Stepping ~*~*~tactically~*~*~ (stealth).
  9196 | D:8      | Reached skill level 11 in Axes
  9366 | D:8      | Noticed Maggie
  9379 | D:8      | 9379 ||| INVOKING Heroism.
  9390 | D:8      | HP: 5/54 [Maggie/bolt of fire (11)]
  9391 | D:8      | 9391 ||| READING scroll of teleportation.
  9392 | D:8      | 9392 ||| DRINKING potion of heal wounds.
  9393 | D:8      | Killed Maggie
  9394 | D:8      | 9394 ||| FLEEEEING.
  9395 | D:8      | 9395 ||| FLEEEEING.
  9506 | D:8      | 9506 ||| INVOKING Heroism.
  9889 | D:8      | 9889 ||| READING scroll labelled QAKHAINA RAFO.
  9889 | D:8      | Identified a scroll of acquirement
  9889 | D:8      | 9889 ||| ACQUIRING +8 broad axe "Xeged" {vorpal, rElec
                  | MP+9}
  9889 | D:8      | Acquired the +8 broad axe "Xeged" {vorpal, rElec MP+9}
  9891 | D:8      | 9891 ||| SWAPPING to +8 broad axe "Xeged" {vorpal, rElec
                  | MP+9}.
  9892 | D:8      | 9892 ||| DROPPING +0 war axe.
 10013 | D:9      | Found a stormy altar of Qazlal.
 10054 | D:9      | Noticed a two-headed ogre
 10055 | D:9      | 10055 ||| INVOKING Heroism.
 10061 | D:9      | Killed a two-headed ogre
 10061 | D:9      | Reached ** piety under Okawaru
 10062 | D:9      | Reached skill level 12 in Axes
 10083 | D:9      | Found an ornate altar of the Wu Jian Council.
 10429 | D:9      | 10429 ||| Stepping ~*~*~tactically~*~*~ (stealth).
 10434 | D:9      | 10434 ||| INVOKING Heroism.
 10441 | D:9      | Reached skill level 6 in Armour
 10871 | D:9      | 10871 ||| DROPPING scarf of harm.
 10872 | D:9      | 10872 ||| READING scroll labelled BOOGIO UPTEAFF.
 10873 | D:9      | 10873 ||| READING 2 scrolls of identify.
 10873 | D:9      | 10873 ||| IDENTIFYING golden potion
 10874 | D:9      | 10874 ||| DROPPING potion of degeneration.
 10916 | D:10     | Entered Level 10 of the Dungeon
 10979 | D:10     | 10979 ||| INVOKING Heroism.
 10986 | D:10     | HP: 15/60 [poisoned by a hornet]
 11238 | D:10     | 11238 ||| Stepping ~*~*~tactically~*~*~ (stealth).
 11240 | D:10     | 11240 ||| INVOKING Heroism.
 11242 | D:10     | 11242 ||| Stepping ~*~*~tactically~*~*~ (stealth).
 11250 | D:10     | Reached skill level 6 in Fighting
 11254 | D:10     | Reached XP level 11. HP: 38/64 MP: 15/15
 11451 | D:10     | Noticed a two-headed ogre
 11452 | D:10     | 11452 ||| INVOKING Heroism.
 11458 | D:10     | Reached *** piety under Okawaru
 11459 | D:10     | Killed a two-headed ogre
 11460 | D:10     | Reached skill level 13 in Axes
 11638 | D:10     | Identified the +1 plate armour of Seuloug {rF+}
 11681 | D:10     | 11681 ||| INVOKING Heroism.
 11956 | D:10     | 11956 ||| Stepping ~*~*~tactically~*~*~ (stealth).
 11960 | D:10     | 11960 ||| Stepping ~*~*~tactically~*~*~ (stealth).
 11971 | D:10     | 11971 ||| FLEEEEING.
 11972 | D:10     | 11972 ||| FLEEEEING.
 11973 | D:10     | 11973 ||| FLEEEEING.
 11974 | D:10     | 11974 ||| FLEEEEING.
 11975 | D:10     | 11975 ||| FLEEEEING.
 11977 | D:10     | 11977 ||| FLEEEEING.
 11978 | D:10     | 11978 ||| FLEEEEING.
 11979 | D:10     | 11979 ||| FLEEEEING.
 11980 | D:10     | 11980 ||| FLEEEEING.
 11981 | D:10     | 11981 ||| FLEEEEING.
 11982 | D:10     | 11982 ||| FLEEEEING.
 11983 | D:10     | 11983 ||| FLEEEEING.
 11984 | D:10     | 11984 ||| FLEEEEING.
 11985 | D:10     | 11985 ||| FLEEEEING.
 11986 | D:10     | 11986 ||| FLEEEEING.
 11989 | D:10     | 11989 ||| FLEEEEING.
 11990 | D:10     | 11990 ||| FLEEEEING.
 11991 | D:10     | 11991 ||| STAIRDANCE
 12068 | D:9      | 12068 ||| UPGRADING to +1 plate armour of Seuloug {rF+}.
 12078 | D:9      | 12078 ||| DROPPING +0 plate armour.
 12079 | D:9      | 12079 ||| READING scroll labelled HUSULU FOURUBUKU.
 12080 | D:9      | 12080 ||| DRINKING 2 puce potions.
 12081 | D:9      | 12081 ||| DRINKING 2 bubbling blue potions.
 12111 | D:9      | 12111 ||| READING 2 scrolls of identify.
 12111 | D:9      | 12111 ||| IDENTIFYING green potion
 12112 | D:9      | 12112 ||| DROPPING potion of lignification.
 12113 | D:9      | 12113 ||| DROPPING potion of brilliance.
 12161 | D:10     | 12161 ||| Stepping ~*~*~tactically~*~*~ (stealth).
 12163 | D:10     | 12163 ||| Stepping ~*~*~tactically~*~*~ (stealth).
 12164 | D:10     | 12164 ||| INVOKING Heroism.
 12324 | D:10     | Noticed Joseph
 12325 | D:10     | 12325 ||| Stepping ~*~*~tactically~*~*~ (hiding).
 12326 | D:10     | 12326 ||| Stepping ~*~*~tactically~*~*~ (hiding).
 12335 | D:10     | Killed Joseph
 12378 | D:10     | Found a staircase to the Lair.
 12380 | D:10     | 12380 ||| INVOKING Heroism.
 12533 | D:10     | 12533 ||| PLANNING LAIR
 12602 | Lair:1   | Entered Level 1 of the Lair of Beasts
 12603 | Lair:1   | 12603 ||| INVOKING Heroism.
 12651 | Lair:1   | 12651 ||| INVOKING Heroism.
 12655 | Lair:1   | Noticed Grum
 12665 | Lair:1   | Killed Grum
 12686 | Lair:1   | Noticed a seven-headed hydra
 12687 | Lair:1   | 12687 ||| Stepping ~*~*~tactically~*~*~ (stealth).
 12688 | Lair:1   | 12688 ||| INVOKING Heroism.
 12689 | Lair:1   | 12689 ||| SWAPPING to +0 morningstar.
 12697 | Lair:1   | HP: 9/64 [seven-headed hydra (11)]
 12698 | Lair:1   | 12698 ||| READING scroll of teleportation.
 12698 | Lair:1   | HP: 2/64 [seven-headed hydra (7)]
 12699 | Lair:1   | Mangled by a seven-headed hydra

Levels and vault maps discovered:
D:1:      shiori_shiawase, layout_loops_corners,
          chequers_ecumenical_altar_simple_redux
D:2:      layout_rooms, basic_altar, minmay_divided_ellipse, uniq_jessica
D:3:      layout_loops_cross, lemuel_crystal_altar
D:4:      layout_layer_cave, minmay_temple_entry_waves
D:5:      layout_loops_corners, lemuel_crystal_altar, mainiacjoe_overflow_swirl,
          gup_sewer_entry_pipe, serial_shops, shop, nicolae_shop_behind_doors,
          serial_co_window_serial, co_window_paths_b, co_window_paths_a,
          co_window_paths_a, co_window_paths_a, co_window_paths_b,
          co_window_cross_4, co_window_of_opportunity_b, co_window_corner_b,
          co_window_2corner, co_window_broadway_a, co_window_2corner,
          glass_columns_c, glass_columns_b, uniq_duvessa, uniq_pikel,
          uniq_edmund, uniq_blork_the_orc, uniq_eustachio, uniq_ijyb
D:6:      layout_rooms, fedhas_ov_isle_minmay, nicolae_shop_vocational
D:7:      nicolae_cairo_tiling_very_big, layout_basic, serial_shops,
          kennysheep_little_box
D:8:      gammafunk_wand_slinger, layout_basic, uniq_maggie
D:9:      layout_gridville, nicolae_qazlal_general_emergency,
          mainiacjoe_overflow_surrounded_room
D:10:     layout_irregular_city, david_lair_shrubbed, uniq_joseph
Temple:   hellmonk_temple_divided_pantheon
Lair:1:   layout_roguey, beast_lair_carwin_6, uniq_amaemon, uniq_grum,
          uniq_gastronok

Skill      XL: |  1  2  3  4  5  6  7  8  9 10 11 |
---------------+----------------------------------+-----
Axes           | 3 4 5 6 7 8 9 10 12 13 | 13.8
Armour         | 2 3 6 7 |  7.1
Shields        | 1 2 3 4 |  4.0
Fighting       | 3 4 5 6 |  6.2
Throwing       | 2 3 |  3.0
Dodging        | 3 6 |  6.5
Invocations    | 2 4 |  4.0
Spellcasting   | |  2.0
Translocations | |  2.4

Action                   |  1- 3 |  4- 6 |  7- 9 | 10-12 || total
-------------------------+-------+-------+-------+-------++-------
Melee: Hand axe          |    88 |   131 |   245 |    11 ||   475
       Kick              |    20 |    39 |    73 |    67 ||   199
       Peck              |    10 |    18 |    61 |    43 ||   132
       Punch             |       |     1 |       |       ||     1
       War axe           |       |       |       |    85 ||    85
       Broad axe         |       |       |       |   103 ||   103
       Morningstar       |       |       |       |     7 ||     7
Throw: Boomerang         |     7 |       |       |    50 ||    57
       Javelin           |       |     3 |    14 |    12 ||    29
Invok: Heroism           |       |       |     4 |    17 ||    21
  Use: Scroll            |     4 |     5 |     5 |     8 ||    22
       Potion            |       |     1 |     2 |     4 ||     7
Armor: Leather armour    |    39 |     7 |       |       ||    46
       Chain mail        |       |    24 |       |       ||    24
       Ring mail         |       |       |    29 |       ||    29
       Plate armour      |       |       |     4 |   105 ||   109
Dodge: Dodged            |    81 |    45 |   100 |    78 ||   304
Block: Buckler           |       |     2 |    45 |    44 ||    91

Table legend:
 A = Non-vault XP
 B = Vault XP
 C = Vault XP percentage of total XP
 D = Non-vault monster count
 E = Vault monster count
 F = Vault count percentage of total count
                 A         B        C        D         E       F
            +---------+---------+-------+---------+---------+-------
      Total |   11162 |    2807 |  20.1 |     243 |      34 |  12.3
            +---------+---------+-------+---------+---------+-------
        D:1 |      76 |       0 |   0.0 |      40 |       0 |   0.0
        D:2 |      97 |      80 |  45.2 |      26 |      14 |  35.0
        D:3 |     146 |       0 |   0.0 |      21 |       0 |   0.0
        D:4 |    1012 |       0 |   0.0 |      33 |       0 |   0.0
        D:5 |     491 |    1311 |  72.8 |      12 |      16 |  57.1
        D:6 |    1194 |       0 |   0.0 |      29 |       0 |   0.0
        D:7 |     884 |       0 |   0.0 |      19 |       0 |   0.0
        D:8 |     885 |     428 |  32.6 |      26 |       1 |   3.7
        D:9 |    1502 |       0 |   0.0 |       7 |       0 |   0.0
       D:10 |    3500 |     795 |  18.5 |      24 |       2 |   7.7
     Lair:1 |    1375 |     193 |  12.3 |       6 |       1 |  14.3
            +---------+---------+-------+---------+---------+-------
